 Dungeon Crawl Stone Soup version 0.31-a0-744-gbc345e7fcb (webtiles) character file.

Game seed: 6641903958339076993

572691 Newt the Fencer (level 25, -1/252 HPs)
             Began as a Demonspawn Gladiator on Sept 13, 2023.
             Was a High Priest of Okawaru.
             Slain by a golden dragon (22 damage)
             ... on level 3 of the Depths.
             The game lasted 02:05:12 (70636 turns).

Newt the Fencer (Demonspawn Gladiator)             Turns: 70636, Time: 02:05:14

Health: -1/252     AC: 41    Str: 22    XL:     25   Next: 13%
Magic:  31/36      EV: 12    Int: 17    God:    Okawaru [*****.]
Gold:   1800       SH: 26    Dex: 30    Spells: 35/43 levels left

rFire   . . .        J - +11 double sword of Tartarus {flame, Drain rElec Str+7}
rCold   + + +        w - +5 kite shield {AC+3}
rNeg    . . .        W - +7 crystal plate armour {rC+}
rPois   .            (helmet unavailable)
rElec   +            x - +1 cloak {rCorr}
rCorr   +            k - +1 pair of gloves {infuse}
SInv    +            u - +1 pair of boots {rampage}
Will    ++...        z - amulet "Goroc" {Reflect rC+ Dex+3 SH+5} Stlth
                     j - ring of see invisible
HPRegen 0.62/turn    i - ring of willpower
MPRegen 0.25/turn

%: reflection, rampage, infuse magic (1 MP)
@: mighty, agile, lethally poisoned (-1 -> -5), about to teleport, wereblooded
(expiring), studying 3 skills, very slow
A: horns 3, icy blue scales 3, powered by pain 3, robust 3, spiny 3, fangs 1,
talons 2, agile 2, clever 2, deformed body, deterioration 1, screaming 1
}: 4/15 runes: serpentine, barnacled, slimy, silver
a: Renounce Religion, Heroism, Finesse, Duel


You were on level 3 of the Depths.
You worshipped Okawaru.
Okawaru was extremely pleased with you.
You visited 10 branches of the dungeon, and saw 47 of its levels.
You visited the Abyss 1 time.
You also visited: Sewer, Ice Cave and Volcano.

You collected 7665 gold pieces.
You spent 5865 gold pieces at shops.

Inventory:

Hand Weapons
 b - the +7 hand cannon "Mule" {flame, backblast, rF+}
   (You found it on level 3 of the Elven Halls)

   rF+:       It protects you from fire.
 J - the +11 double sword of Tartarus (weapon) {flame, Drain rElec Str+7}
   (You took it off a deep elf high priest on level 3 of the Elven Halls)

   Str+7:     It affects your strength (+7).
   rElec:     It insulates you from electricity.
   Drain:     It drains your maximum health when unequipped.
 U - a +5 demon blade of flaming
 V - a +6 demon blade of draining
Missiles
 d - 3 throwing nets
 f - 25 boomerangs (quivered)
 n - 24 poisoned darts
 r - 39 javelins
 O - 9 silver javelins
Armour
 k - a +1 pair of gloves of infusion (worn)
 u - a +1 pair of boots of rampaging (worn)
 w - a +5 kite shield of protection (worn)
 x - a +1 cloak of preservation (worn)
 y - the +12 plate armour of Yfaem {rC+++ Str-2 Int-2 Stlth+}
   (Okawaru gifted it to you on level 3 of the Vaults)

   Str-2:     It affects your strength (-2).
   Int-2:     It affects your intelligence (-2).
   rC+++:     It renders you almost immune to cold.
   Stlth+:    It makes you more stealthy.
 M - a +2 pair of boots
 W - a +7 crystal plate armour of cold resistance (worn)
Jewellery
 i - a ring of willpower (right hand)
 j - a ring of see invisible (left hand)
 z - the amulet "Goroc" (around neck) {Reflect rC+ Dex+3 SH+5}
   (You found it on level 12 of the Dungeon)

   [amulet of reflection]

   Reflect:   It reflects blocked missile attacks.
   Dex+3:     It affects your dexterity (+3).
   rC+:       It protects you from cold.
   SH+5:      It affects your SH (+5).
 A - an amulet of faith
 D - a ring of protection from cold
 G - the amulet of the Four Winds {rN+ Will+++ Clar}
   (You took it off a tengu reaver on level 5 of the Vaults)

   [amulet of nothing]

   rN+:       It protects you from negative energy.
   Will+++:   It greatly increases your willpower.
   Clar:      It protects you from confusion, rage, mesmerisation and fear.
 S - a ring of protection from fire
 T - a ring of positive energy
Wands
 c - a wand of roots (40)
 e - a wand of flame (136)
 q - a wand of light (19)
 K - a wand of polymorph (38)
 N - a wand of digging (20)
 P - a wand of mindburst (24)
 Q - a wand of paralysis (35)
Scrolls
 t - 11 scrolls of blinking
 v - 11 scrolls of teleportation
 L - 7 scrolls of amnesia
 R - 9 scrolls of fear
 X - a scroll of poison
 Y - 11 scrolls of revelation
Potions
 a - a potion of magic
 g - 14 potions of attraction
 h - 6 potions of resistance
 l - 2 potions of might
 o - 13 potions of curing
 s - a potion of heal wounds
 B - 4 potions of enlightenment
 C - 4 potions of lignification
 E - 3 potions of ambrosia
 F - 3 potions of haste
 H - 4 potions of invisibility
 I - 8 potions of cancellation
 Z - 4 potions of berserk rage
Miscellaneous
 m - a tin of tremorstones (inert)
 p - a phial of floods (inert)


   Skills:
 - Level 15.0 Fighting
 - Level 4.1(14.0) Short Blades
 + Level 20.4(20.6) Long Blades
 - Level 6.0 Ranged Weapons
 - Level 15.0 Throwing
 - Level 18.2 Armour
 - Level 2.6 Dodging
 - Level 14.0 Shields
 - Level 9.5 Spellcasting
 - Level 13.0 Transmutations
 - Level 12.5 Ice Magic
 - Level 14.0 Invocations
 - Level 15.0 Evocations


You had 35 spell levels left.
You knew the following spells:

 Your Spells              Type           Power      Damage    Failure   Level
a - Wereblood             Tmut           51%        N/A       2%          2
b - Frozen Ramparts       Ice            100%       1d16      6%          3
c - Ozocubu's Armour      Ice            50%        N/A       6%          3

Your spell library contained the following spells:

 Spells                   Type           Power      Damage    Failure   Level
 Freeze                   Ice            100%       1d10      2%          1
 Sting                    Tmut/Pois      100%       1d8       26%         1
 Passwall                 Tmut/Erth      25%        N/A       36%         2
 Ensorcelled Hibernation  Hex/Ice        58%        N/A       41%         2
 Hailstorm                Conj/Ice       29%        3d8       65%         3
 Ignite Poison            Fire/Tmut/Pois 22%        N/A       88%         3
 Petrify                  Tmut/Erth      30%        N/A       94%         4
 Foxfire                  Conj/Fire      32%        2x1d5     98%         1
 Kiss of Death            Conj/Necr      32%        2d7       98%         1
 Magic Dart               Conj           32%        1d4       98%         1
 Necrotise                Necr           32%        1d5       98%         1
 Lesser Beckoning         Tloc           16%        N/A       99%         2
 Momentum Strike          Conj/Tloc      16%        3d8       99%         2
 Scorch                   Fire           16%        2d5       99%         2
 Searing Ray              Conj           16%        2d5       99%         2
 Sublimation of Blood     Necr           8%         N/A       99%         2
 Confusing Touch          Hex            8%         N/A       100%        3
 Dazzling Flash           Conj/Hex       16%        N/A       100%        3
 Gell's Gravitas          Tloc           8%         N/A       100%        3
 Mephitic Cloud           Conj/Pois/Air  8%         N/A       100%        3
 Sigil of Binding         Hex            8%         N/A       100%        3
 Swiftness                Air            8%         N/A       100%        3
 Teleport Other           Tloc           8%         N/A       100%        3
 Vampiric Draining        Necr           8%         2d6       100%        3
 Volatile Blastmotes      Fire/Tloc      16%        2d11      100%        3
 Cause Fear               Hex            4%         N/A       100%        4
 Dimensional Bullseye     Hex/Tloc       4%         N/A       100%        4
 Dispel Undead            Necr           8%         3d8       100%        4
 Flame Wave               Conj/Fire      8%         2d5       100%        4
 Fulminant Prism          Conj/Hex       4%         3d5       100%        4
 Iskenderun's Mystic Bla  Conj/Tloc      8%         2d4       100%        4
 Leda's Liquefaction      Hex/Erth       4%         N/A       100%        4
 Manifold Assault         Tloc           8%         N/A       100%        4
 Passage of Golubria      Tloc           8%         N/A       100%        4
 Sticky Flame             Conj/Fire      8%         2d3       100%        4
 Vhi's Electric Charge    Tloc/Air       16%        N/A       100%        4
 Agony                    Necr           8%         N/A       100%        5
 Alistair's Intoxication  Tmut/Pois      20%        N/A       100%        5
 Arcjolt                  Conj/Air       4%         1d14      100%        5
 Fireball                 Conj/Fire      4%         3d4       100%        5
 Irradiate                Conj/Tmut      15%        3d16      100%        5
 Lee's Rapid Deconstruct  Erth           4%         3d5*      100%        5
 Metabolic Englaciation   Hex/Ice        14%        N/A       100%        5
 Yara's Violent Unravell  Hex/Tmut       15%        3d8       100%        5
 Dispersal                Tloc           4%         N/A       100%        6
 Eringya's Noxious Bog    Tmut/Pois      15%        4d6       100%        6
 Plasma Beam              Fire/Air       4%         2x1d14    100%        6
 Starburst                Conj/Fire      4%         6d3       100%        6
 Ozocubu's Refrigeration  Ice            25%        4d13      100%        7
 Borgnjor's Revivificati  Necr           4%         N/A       100%        8
 Disjunction              Tloc           4%         N/A       100%        8
 Ignition                 Fire           4%         3d4       100%        8
 Maxwell's Capacitive Co  Air            4%         ∞         100%        8
 Death's Door             Necr           4%         N/A       100%        9
 Polar Vortex             Ice            25%        12d3*     100%        9
 Call Imp                 Summ           Unusable   N/A       N/A         2
 Call Canine Familiar     Summ           Unusable   N/A       N/A         3
 Tukima's Dance           Hex            Unusable   N/A       N/A         3
 Animate Armour           Summ/Erth      Unusable   N/A       N/A         4
 Summon Lightning Spire   Summ/Air       Unusable   N/A       N/A         4
 Summon Forest            Summ/Tloc      Unusable   N/A       N/A         5
 Simulacrum               Ice/Necr       Unusable   N/A       N/A         6
 Summon Cactus Giant      Summ           Unusable   N/A       N/A         6
 Haunt                    Necr/Summ      Unusable   N/A       N/A         7
 Summon Hydra             Summ           Unusable   N/A       N/A         7
 Dragon's Call            Summ           Unusable   N/A       N/A         9

Dungeon Overview and Level Annotations

Branches:
Dungeon (15/15)            Temple (1/1) D:7            Lair (5/5) D:11
 Shoals (4/4) Lair:2        Snake (4/4) Lair:3        Slime (5/5) Lair:5
    Orc (2/2) D:11            Elf (3/3) Orc:2        Vaults (5/5) D:13
  Crypt (0/3) Vaults:2     Depths (3/4) D:15          Sewer (visited)
  IceCv (visited)         Volcano (visited)

Altars:
Ashenzari
Cheibriados
Dithmenos
Fedhas
Gozag
Hepliaklqana
Kikubaaqudgha
Makhleb
Nemelex Xobeh
Okawaru
Qazlal
Ru
Sif Muna
Trog
Uskayaw
Vehumet
Wu Jian
Xom
Yredelemnul
Jiyva

Shops:
D:4 ?   D:5 !   D:9 :   D:10 [   D:11 *   Orc:2 ?[((   Elf:1 (   Elf:3 [
Shoals:2 *(   Snake:3 *   Vaults:1 (!   Vaults:2 [   Vaults:5 ?   Depths:2 [[

Portals:
Hell: Depths:1 Depths:2
Abyss: Depths:3
Pandemonium: Depths:2
Ziggurat: Depths:1
Trove: D:13 (give 8 potions of haste)


Innate Abilities, Weirdness & Mutations

You have a pair of large horns on your head.
You are completely covered in icy blue scales. (AC +4, rC+)
You are powered by pain.
You are extremely robust. (+30% HP)
You are completely covered in sharp spines.
You have very sharp teeth.
You have razor-sharp toenails.
You are very agile. (Dex +8, Str/Int -2)
Your mind is very acute. (Int +8, Str/Dex -2)
Armour fits poorly on your strangely shaped body.
Your body sometimes deteriorates upon taking damage.
You occasionally shout uncontrollably at your foes.


Message History

* * * LOW HITPOINT WARNING * * *
You block the golden dragon's attack. x2; The golden dragon tramples you.
* * * LOW HITPOINT WARNING * * *
You stumble backwards!
Splash!
Unknown command.
You completely miss the golden dragon.
The golden dragon is lightly wounded.
You feel like a meek peon again.
You feel very sick. You block the golden dragon's attack.
The golden dragon claws you but does no damage.
You block the golden dragon's attack.
You hit the golden dragon.
You bite the golden dragon, but do no damage.
The golden dragon is lightly wounded.
You feel very sick.
The golden dragon is no longer waterlogged.
Unknown command.
You chop the golden dragon into pieces!!!
You burn the golden dragon. Your headbutt misses the golden dragon.
You bite the golden dragon!
The golden dragon is severely wounded.
You feel very sick.
The culicivora changes into a death drake!
The golden dragon bites you!
* * * LOW HITPOINT WARNING * * *
You block the golden dragon's attack. x2
Your unstable footing causes you to fumble your attack.
You feel sick. The golden dragon bites you!
* * * LOW HITPOINT WARNING * * *
You block the golden dragon's attack. x2
Unknown command.
As you read the scroll of teleportation, it crumbles to dust.
You feel strangely unstable.
Your primal bloodlust is almost over.
You feel very sick.
The golden dragon is struck by your spines.
The golden dragon bites you!!
You die...

* **+***...#.#...***+** *
*****,,,,,[......,,,,,******** *
*,,,**+**##.....##**+**,,,,,,,
****,,,,+,,,,...8)..,,,,+,,,,,,,,
,,,+,,,**+****~.[D*****+**,,,,,,,
****,,,*,,,,,,~~Q.D,,,,,,*,,,,,,,
*,,**+***,,,#C#D,,***+**,,,,,,
*,,*,,,,,,,,#D#,,,,,,,,*~~~~,,
*,**+**,,,*,#@#,*,,,**+****~,,
***,*,,,,,,,*,#.#,*,,,,,,,* *~,,
**,+**+*,,,*,*,+.+,*,*,,,*+***~,,
,,,**,,,,,,*,+,#'#,+,*,,,,,,**~,,
**,***,,,*,+,###.###,+,*,,,***~,,
**,*,,,,,+,###....'##*,+,,,,,*,,,
#*,*,,,*,**#........#***,*,,,*,,,
#*,*8,,***,#........# ***,,8*,,,
#********,,#........# ******,,,


You could see a juggernaut, a golden dragon (poisoned), a fire dragon and a
tengu reaver.

Vanquished Creatures
  Dissolution (Slime:2)
  the Royal Jelly (Slime:5)
  4 dread liches
  2 ancient liches
  A juggernaut (Depths:3)
  Sojobo (Vaults:5)
  Bai Suzhen (Shoals:2)
  Vashnia (Snake:2)
  A caustic shrike (Depths:3)
  4 golden dragons
  3 doom hounds (Depths:2)
  A bone dragon (Depths:1)
  Jorgrun (Shoals:1)
  2 walking earthen tomes
  4 tentacled monstrosities
  4 deep elf blademasters
  A walking crystal tome (Depths:2)
  7 titans
  Grunn (Depths:2)
  4 deep elf master archers (Elf:3)
  A quicksilver dragon (Depths:2)
  3 sphinxes
  A walking divine tome (Depths:3)
  Gastronok (D:12)
  27 acid blobs
  4 tentacled starspawn
  4 shadow dragons
  6 nagarajas
  A storm dragon (Vaults:5)
  12 rockslimes
  Ilsuiw (Shoals:3)
  15 azure jellies
  8 fire giants
  13 tengu reavers
  10 deep elf sorcerers (Elf:3)
  6 frost giants
  A draconian shifter (Abyss:2)
  16 vault wardens
  2 iron dragons
  14 quicksilver oozes
  14 very ugly things
  3 war gargoyles
  9 deep elf elementalists (Elf:3)
  4 orc warlords
  A spriggan defender (Depths:3)
  2 formless jellyfish
  5 ironbound thunderhulks
  7 deep elf demonologists
  28 ironbound preservers
  14 stone giants
  4 vampire knights
  8 deep elf annihilators
  11 spark wasps
  2 minotaurs (Shoals:4)
  A red draconian (Volcano)
  17 dire elephants
  2 deep elf death magi
  3 merfolk javelineers
  9 ettins
  11 deep elf high priests
  2 crystal guardians
  6 fire dragons
  The ghost of javelincjr the Covert, a journeyman OpSu of the Shining One (Lair:1)
  2 merfolk impalers (Shoals:3)
  2 blizzard demons
  19 yaktaur captains
  An entropy weaver (Vaults:4)
  4 salamander tyrants
  12 great orbs of eyes
  3 ice dragons (Depths:2)
  5 ogre magi
  A rakshasa (Depths:2)
  3 catoblepae (Lair:5)
  4 peacekeepers
  A great orb of eyes (shapeshifter) (Vaults:3)
  13 ironbound frosthearts
  5 alligator snapping turtles
  A spriggan air mage (Depths:2)
  36 vault guards
  3 merfolk avatars
  15 centaur warriors
  A hell beast (Depths:1)
  A boulder beetle (Vaults:1)
  A boulder beetle (shapeshifter) (Depths:2)
  32 dancing weapons
  4 deep troll shamans (Depths:2)
  11 anacondas
  15 naga warriors
  5 merfolk aquamancers
  13 satyrs
  3 tengu warriors
  8 death yaks
  9 deep troll earth magi
  12 two-headed ogres
  7 spriggan berserkers
  A hell hog (Depths:1)
  2 thrashing horrors
  4 shock serpents
  22 naga sharpshooters
  A sun demon (Depths:2)
  16 deep elf knights
  A wretched star (Abyss:2)
  8 hell knights
  2 orc high priests
  6 iron trolls
  3 skysharks
  5 salamander mystics
  3 skeletal warriors (D:15)
  2 flayed ghosts
  69 deep trolls
  3 glowing orange brains
  5 sea snakes
  14 deep elf archers
  A death drake (shapeshifter) (Depths:3)
  A swamp dragon (shapeshifter) (Depths:2)
  6 naga ritualists
  27 deep elf pyromancers
  7 phantasmal warriors
  2 necromancers
  10 wizards
  27 ironbound convokers
  10 orc knights
  34 deep elf zephyrmancers
  42 harpies
  6 lindwurms
  8 mana vipers
  A wolf spider (shapeshifter) (Vaults:2)
  12 orc sorcerers
  4 oklob plants (Lair:4)
  A lindwurm (shapeshifter) (Elf:1)
  23 manticores
  6 shining eyes
  A salamander (shapeshifter) (Elf:2)
  31 ugly things
  20 fauns
  33 black mambas
  25 vault sentinels
  13 cyclopes
  7 guardian serpents
  7 merfolk sirens
  14 salamanders
  8 elephants (Lair:4)
  9 cane toads
  2 ice statues (IceCv)
  17 naga magi
  4 molten gargoyles (Volcano)
  An orange demon (Abyss:2)
  4 gargoyles
  A torpor snail (Lair:4)
  2 water nymphs
  A centaur zombie (D:15)
  2 smoke demons
  4 eyes of devastation
  Maggie (Lair:2)
  An efreet (Volcano)
  2 rime drakes
  An unseen horror (Abyss:3)
  8 kobold demonologists
  A centaur skeleton (D:15)
  34 yaktaurs
  An ice devil (Depths:2)
  3 tengu conjurers
  5 freezing wraiths
  A redback zombie (D:15)
  An ancient zyme (Abyss:3)
  2 queen bees (Lair:1)
  6 komodo dragons
  2 harpy zombies
  A hellwing (Abyss:3)
  7 hornets
  A troll (D:12)
  A troll (shapeshifter) (Elf:3)
  6 wind drakes
  A wind drake (shapeshifter) (Vaults:5)
  A harpy skeleton (Abyss:2)
  21 merfolk
  4 polar bears
  A raiju (shapeshifter) (Abyss:2)
  A tarantella (Vaults:5)
  3 large abominations
  A dream sheep (shapeshifter) (Vaults:5)
  2 raiju (Abyss:2)
  13 blink frogs
  8 dream sheep
  6 snapping turtles
  17 water elementals
  A slime creature (shapeshifter) (Depths:2)
  2 air elementals (Elf:2)
  142 slime creatures
  A shadow (D:10)
  2 ynoxinuls (Abyss:2)
  3 vampires (Vaults:2)
  4 wraiths
  4 spriggans
  4 small abominations
  76 yaks
  4 fire elementals
  A human (D:13)
  5 redbacks
  3 steam dragons
  4 vampire mosquitoes (D:12)
  2 basilisks
  2 neqoxecs
  13 golden eyes
  A chaos spawn (Abyss:3)
  3 wargs (Orc:2)
  2 acid dragons (D:12)
  57 nagas
  18 water moccasins
  35 orc warriors
  10 ogres
  2 black bears
  A boggart (Vaults:3)
  3 wolves (Lair:5)
  3 centaurs
  A phantom (D:6)
  2 kobold brigands
  11 bullfrogs
  A gnoll sergeant (D:8)
  2 earth elementals
  3 scorpions
  25 wights
  A hornet simulacrum (D:15)
  An elephant simulacrum (IceCv)
  24 killer bees
  6 electric eels
  A crimson imp (Abyss:2)
  2 howler monkeys
  A quasit (Abyss:3)
  15 orc priests
  3 sleepcaps
  2 gnoll boudas
  6 hounds
  An iron imp (Abyss:2)
  7 starcursed masses (Abyss:2)
  4 iguanas
  29 orc wizards
  4 polar bear simulacra
  24 gnolls
  11 adders
  5 river rats
  2 shadow imps (D:6)
  A white imp (D:6)
  6 worms
  3 dart slugs
  85 orcs
  6 endoplasms (D:2)
  7 giant cockroaches
  12 goblins
  6 hobgoblins
  A jackal (Sewer)
  16 kobolds
  5 quokkas
  13 ball pythons
  18 bats
  6 frilled lizards
  4 rats
  A butterfly (D:5)
  5 starspawn tentacles
2169 creatures vanquished.

Vanquished Creatures (others)
  A walking divine tome (Depths:3)
  A vault warden (Vaults:5)
  A salamander mystic (Snake:1)
  A shadow wraith (Vaults:1)
  A deep troll (Vaults:5)
  A deep elf zephyrmancer (Elf:2)
  2 deep elf pyromancers
  A manticore (Shoals:3)
  A vault sentinel (Vaults:5)
  A water elemental (Elf:2)
  A naga (Snake:4)
  A lurking horror (Abyss:3)
  7 starspawn tentacles
20 creatures vanquished.

Grand Total: 2189 creatures vanquished

Notes
Turn   | Place    | Note
-------+----------+-------------------------------------------
     0 | D:1      | Newt the Demonspawn Gladiator began the quest for the Orb.
     0 | D:1      | Reached XP level 1. HP: 16/16 MP: 1/1
   338 | D:1      | Gained mutation: You sometimes gain a little power by
                  | taking damage. [demonic ancestry]
   338 | D:1      | Reached XP level 2. HP: 23/23 MP: 2/2
  1355 | D:2      | Gained mutation: You have a pair of small horns on your
                  | head. [demonic ancestry]
  1355 | D:2      | Reached XP level 3. HP: 29/29 MP: 3/3
  2016 | D:3      | Gained mutation: You are partially covered in sharp spines.
                  | [demonic ancestry]
  2016 | D:3      | Reached XP level 4. HP: 26/37 MP: 4/4
  2246 | D:3      | Identified the +1 robe of Feugebb {rPois}
  2733 | D:3      | Found a faded altar of an unknown god.
  3028 | D:4      | Reached XP level 5. HP: 27/42 MP: 5/5
  3866 | D:4      | Found Bomoiq's Magic Scroll Emporium.
  3874 | D:4      | Bought a scroll of identify for 26 gold pieces
  3874 | D:4      | Bought a scroll of identify for 26 gold pieces
  3874 | D:4      | Bought a scroll of identify for 26 gold pieces
  3874 | D:4      | Bought a scroll of identify for 26 gold pieces
  3874 | D:4      | Bought a scroll of teleportation for 39 gold pieces
  3885 | D:4      | Identified the +8 ring mail of the Desolation of Salt
                  | {rPois rF+ Int+2}
  4135 | D:5      | Entered Level 5 of the Dungeon
  4203 | D:5      | Gained mutation: You are partially covered in icy blue
                  | scales. (AC +2) [demonic ancestry]
  4203 | D:5      | Reached XP level 6. HP: 48/48 MP: 6/6
  4368 | D:5      | Reached skill level 5 in Throwing
  4369 | D:5      | Reached skill level 1 in Armour
  4375 | D:5      | Reached XP level 7. HP: 42/54 MP: 7/7
  4616 | D:5      | Found a glowing drain.
  4626 | Sewer    | Entered a sewer
  5202 | D:5      | Gained mutation: You have an increased reservoir of magic.
                  | (+10% MP) [potion of mutation]
  5203 | D:5      | Lost mutation: You have an increased reservoir of magic.
                  | (+10% MP) [potion of mutation]
  5203 | D:5      | Gained mutation: You are vulnerable to cold. (rC-) [potion
                  | of mutation]
  5203 | D:5      | Gained mutation: Your system is resistant to poisons.
                  | (rPois) [potion of mutation]
  5203 | D:5      | Gained mutation: You are agile. (Dex +4, Str/Int -1)
                  | [potion of mutation]
  5472 | D:5      | Found a shimmering altar of Xom.
  5477 | D:5      | Found Vaosid's Distillery.
  5762 | D:6      | Reached skill level 5 in Armour
  5765 | D:6      | Gained mutation: You are mostly covered in sharp spines.
                  | [demonic ancestry]
  5765 | D:6      | Reached XP level 8. HP: 43/61 MP: 8/8
  5768 | D:6      | Reached skill level 5 in Fighting
  6932 | D:7      | Found a hide-covered altar of Uskayaw.
  7014 | D:7      | Reached skill level 1 in Evocations
  7045 | D:7      | Found a staircase to the Ecumenical Temple.
  7059 | D:7      | Reached XP level 9. HP: 65/74 MP: 9/9
  7077 | Temple   | Entered the Ecumenical Temple
  7085 | Temple   | Became a worshipper of Warmaster Okawaru
  7302 | D:7      | Reached skill level 5 in Evocations
  7429 | D:7      | Reached * piety under Okawaru
  8312 | D:8      | Reached ** piety under Okawaru
  8411 | D:8      | Gained mutation: You sometimes gain power by taking damage.
                  | [demonic ancestry]
  8411 | D:8      | Reached XP level 10. HP: 79/80 MP: 10/10
  8592 | D:8      | Reached *** piety under Okawaru
  9714 | D:9      | Found Fiythiuxt's Book Emporium.
 10146 | D:9      | Reached skill level 1 in Invocations
 10525 | D:9      | Reached skill level 5 in Invocations
 10537 | D:10     | Entered Level 10 of the Dungeon
 10557 | D:10     | Found Qotohar's Antique Armour Boutique.
 10602 | D:10     | Found a shadowy altar of Dithmenos.
 10731 | D:10     | Reached **** piety under Okawaru
 11037 | D:10     | Found a radiant altar of Vehumet.
 11038 | D:10     | Found a broken altar of Ashenzari.
 11230 | D:10     | Gained mutation: You are completely covered in sharp
                  | spines. [demonic ancestry]
 11230 | D:10     | Reached XP level 11. HP: 86/86 MP: 17/17
 11295 | D:10     | Reached skill level 1 in Long Blades
 11337 | D:10     | Reached skill level 2 in Long Blades
 11614 | D:11     | Reached skill level 3 in Long Blades
 11631 | D:11     | Reached skill level 4 in Long Blades
 11785 | D:11     | Reached skill level 5 in Long Blades
 11787 | D:11     | Reached ***** piety under Okawaru
 11939 | D:11     | Found a staircase to the Orcish Mines.
 11996 | D:11     | Found Gozag's Platinum Reserve.
 12067 | D:11     | Found an opulent altar of Gozag.
 12078 | D:11     | Found a staircase to the Lair.
 12166 | D:11     | Reached skill level 6 in Long Blades
 12531 | D:12     | Noticed a sixfirhy
 12532 | D:12     | Reached skill level 7 in Long Blades
 12715 | D:12     | Noticed a deep elf pyromancer
 12724 | D:12     | Killed a deep elf pyromancer
 12724 | D:12     | Received a gift from Okawaru
 12742 | D:12     | Lost mutation: Your system is resistant to poisons. (rPois)
                  | [potion of mutation]
 12742 | D:12     | Lost mutation: You are agile. (Dex +4, Str/Int -1) [potion
                  | of mutation]
 12742 | D:12     | Lost mutation: You are vulnerable to cold. (rC-) [potion of
                  | mutation]
 12742 | D:12     | Gained mutation: Your mind is acute. (Int +4, Str/Dex -1)
                  | [potion of mutation]
 12742 | D:12     | Gained mutation: You have hidden genetic potential. [potion
                  | of mutation]
 12742 | D:12     | Gained mutation: Your magical capacity is low. (-10% MP)
                  | [potion of mutation]
 12768 | D:12     | Reached skill level 8 in Long Blades
 12799 | D:12     | Noticed Gastronok
 12814 | D:12     | Killed Gastronok
 12941 | D:12     | Gained mutation: You have a pair of horns on your head.
                  | [demonic ancestry]
 12941 | D:12     | Reached XP level 12. HP: 85/94 MP: 16/16
 13083 | D:12     | Received a gift from Okawaru
 13165 | D:12     | Identified the amulet "Goroc" {Reflect rC+ Dex+3 SH+5}
 13187 | D:12     | Noticed a two-headed ogre
 13198 | D:12     | Killed a two-headed ogre
 13536 | D:13     | Noticed a two-headed ogre
 13543 | D:13     | Killed a two-headed ogre
 13544 | D:13     | Reached skill level 10 in Fighting
 13665 | D:13     | Noticed a vault guard
 13665 | D:13     | Noticed a vault guard
 13957 | D:13     | Killed a vault guard
 13971 | D:13     | Noticed an ogre mage
 13980 | D:13     | Killed an ogre mage
 14021 | D:13     | Gained mutation: You possess an exceptional clarity of
                  | mind. [hidden potential]
 14171 | D:13     | Killed a vault guard
 14179 | D:13     | Found a gate to the Vaults.
 14179 | D:13     | Noticed a vault guard
 14180 | D:13     | Noticed a vault guard
 14186 | D:13     | Killed a vault guard
 14187 | D:13     | Reached skill level 1 in Shields
 14194 | D:13     | Killed a vault guard
 14486 | D:13     | Noticed a centaur warrior
 14490 | D:13     | Killed a centaur warrior
 14490 | D:13     | Received a gift from Okawaru
 14522 | D:13     | Noticed a centaur warrior
 14529 | D:13     | Killed a centaur warrior
 14574 | D:13     | Found a portal to a secret trove of treasure.
 14594 | D:13     | Identified the +8 long sword "Gautz" {heavy, rF+ Str+2}
 14612 | D:13     | Learned a level 2 spell: Wereblood
 14703 | D:13     | Found a sparkling altar of Nemelex Xobeh.
 14726 | D:13     | Received a gift from Okawaru
 14732 | D:13     | Reached skill level 5 in Shields
 15005 | D:14     | Reached ****** piety under Okawaru
 15097 | D:14     | Gained mutation: You are mostly covered in icy blue scales.
                  | (AC +3) [demonic ancestry]
 15097 | D:14     | Reached XP level 13. HP: 108/108 MP: 17/17
 15483 | D:15     | Entered Level 15 of the Dungeon
 15489 | D:15     | Identified the +1 hat of Ethereal Knowledge {rCorr Int+6}
                  | (Okawaru gifted it to you on level 15 of the Dungeon)
 15489 | D:15     | Received a gift from Okawaru
 15708 | D:15     | Gained mutation: You passively map a small area around you.
                  | [hidden potential]
 15708 | D:15     | Lost mutation: You have hidden genetic potential. [hidden
                  | potential expressed]
 16103 | D:15     | Reached skill level 1 in Spellcasting
 16103 | D:15     | Reached skill level 1 in Transmutations
 16161 | D:15     | HP: 5/108 [two-headed ogre/+0 giant club (16)]
 16163 | D:15     | Received a gift from Okawaru
 16171 | D:15     | HP: 3/108 [ogre/+0 giant club (16)]
 16659 | D:15     | Identified the +0 chain mail "Zyuqu" {Will+ Regen+ Dex-4}
                  | (Okawaru gifted it to you on level 15 of the Dungeon)
 16659 | D:15     | Received a gift from Okawaru
 16694 | D:15     | Reached skill level 5 in Spellcasting
 16694 | D:15     | Reached skill level 5 in Transmutations
 16781 | D:15     | Found a staircase to the Depths.
 16809 | D:15     | Gained mutation: You have a pair of large horns on your
                  | head. [demonic ancestry]
 16809 | D:15     | Reached XP level 14. HP: 113/115 MP: 17/19
 17180 | Orc:1    | Entered Level 1 of the Orcish Mines
 17414 | Orc:2    | Entered Level 2 of the Orcish Mines
 17520 | Orc:2    | Found a staircase to the Elven Halls.
 17568 | Orc:2    | Noticed an orc warlord
 17583 | Orc:2    | Killed an orc warlord
 18273 | Orc:2    | Found Nysuh's Antique Weapon Emporium.
 18297 | Orc:2    | Bought a fading long sword for 187 gold pieces
 18297 | Orc:2    | Identified the +1 long sword of Innocence {freeze, rPois
                  | MP+9 Dex-3} (You bought it in a shop on level 2 of the
                  | Orcish Mines)
 18336 | Orc:2    | Found Ufarrale's Magic Scroll Shop.
 18358 | Orc:2    | Bought a scroll of acquirement for 728 gold pieces
 18358 | Orc:2    | Acquired 636 gold pieces
 18528 | Orc:2    | Found Vavyst's Antique Weapon Shoppe.
 18530 | Orc:2    | Found Uggeemus's Antique Armour Emporium.
 18543 | Orc:2    | Bought a fine scimitar for 261 gold pieces
 18543 | Orc:2    | Identified the +8 scimitar of Momuq {drain, rElec Dex-3
                  | Stlth+} (You bought it in a shop on level 2 of the Orcish
                  | Mines)
 18629 | Lair:1   | Entered Level 1 of the Lair of Beasts
 18642 | Lair:1   | Found a frozen archway.
 18651 | IceCv    | Entered an ice cave
 18663 | IceCv    | Found a transporter.
 18692 | IceCv    | Found a transporter.
 19082 | Lair:1   | Received a gift from Okawaru
 19180 | Lair:1   | Received a gift from Okawaru
 19180 | Lair:1   | Found the +10 tower shield of Ignorance {rN+ Int-4}
 19351 | Lair:1   | Noticed javelincjr's ghost (journeyman OpSu)
 19473 | Lair:1   | Found a transporter.
 19484 | Lair:1   | Found the +8 frozen axe "Frostbite" {freeze, freezing
                  | cloud, *Noise Fly rC+}
 19486 | Lair:1   | Found a transporter.
 19523 | Lair:1   | Killed javelincjr's ghost
 20043 | Lair:2   | Noticed Maggie
 20050 | Lair:2   | Killed Maggie
 20218 | Lair:2   | Reached skill level 10 in Armour
 20323 | Lair:2   | You fall into a shaft and drop 2 floors!
 20471 | Lair:4   | Found a dark tunnel.
 20478 | Volcano  | Entered a volcano
 20668 | Volcano  | Reached XP level 15. HP: 102/120 MP: 21/21
 20805 | Volcano  | Noticed an orb of fire
 20902 | Volcano  | Noticed an orb of fire
 21963 | Lair:2   | Received a gift from Okawaru
 22015 | Lair:2   | Found a staircase to the Shoals.
 23269 | Lair:3   | Found a staircase to the Snake Pit.
 23835 | Lair:4   | Identified the +3 demon blade of Traps {freeze, rN+ Dex+6}
                  | (Okawaru gifted it to you on level 4 of the Lair of Beasts)
 23835 | Lair:4   | Received a gift from Okawaru
 24144 | Lair:5   | Entered Level 5 of the Lair of Beasts
 24654 | Lair:5   | Received a gift from Okawaru
 25132 | Lair:5   | Found a staircase to the Slime Pits.
 25780 | Snake:1  | Entered Level 1 of the Snake Pit
 25820 | Snake:1  | Reached skill level 9 in Long Blades
 26244 | Snake:1  | Reached skill level 10 in Long Blades
 26500 | Snake:1  | Received a gift from Okawaru
 26512 | Snake:1  | HP: 6/120 [naga warrior/+0 halberd (30)]
 26522 | Snake:1  | Gained mutation: You are completely covered in icy blue
                  | scales. (AC +4, rC+) [demonic ancestry]
 26522 | Snake:1  | Reached XP level 16. HP: 20/127 MP: 21/21
 27152 | Snake:1  | Identified the amulet "Suekehovae" {Acrobat rC+}
 27175 | Snake:1  | Gained mutation: You are vulnerable to heat. (rF-)
                  | [mutagenic glow]
 27845 | Snake:1  | Reached skill level 11 in Long Blades
 28182 | Snake:2  | Noticed Vashnia
 28206 | Snake:2  | Received a gift from Okawaru
 28224 | Snake:2  | Killed Vashnia
 28235 | Snake:2  | Reached skill level 12 in Long Blades
 28324 | Snake:1  | Received a gift from Okawaru
 29550 | Snake:3  | Reached skill level 13 in Long Blades
 29773 | Snake:3  | Identified the +6 falchion "Emoud" {freeze, Str+2 Int+3}
                  | (Okawaru gifted it to you on level 3 of the Snake Pit)
 29773 | Snake:3  | Received a gift from Okawaru
 30297 | Snake:3  | Found Xoustraodd's Mayhem Merchandise.
 30322 | Snake:3  | Reached skill level 14 in Long Blades
 30760 | Snake:4  | Entered Level 4 of the Snake Pit
 31015 | Snake:4  | Received a gift from Okawaru
 31467 | Snake:4  | Found a shimmering altar of Xom.
 31647 | Snake:4  | Reached XP level 17. HP: 129/133 MP: 22/22
 33193 | Snake:4  | Got a serpentine rune of Zot
 33615 | Lair:3   | Lost mutation: You passively map a small area around you.
                  | [potion of mutation]
 33615 | Lair:3   | Lost mutation: You are vulnerable to heat. (rF-) [potion of
                  | mutation]
 33615 | Lair:3   | Lost mutation: Your magical capacity is low. (-10% MP)
                  | [potion of mutation]
 33615 | Lair:3   | Gained mutation: Armour fits poorly on your strangely
                  | shaped body. [potion of mutation]
 33615 | Lair:3   | Gained mutation: You occasionally lose the ability to drink
                  | potions when taking damage. [potion of mutation]
 33615 | Lair:3   | Gained mutation: Your mind is very acute. (Int +8, Str/Dex
                  | -2) [potion of mutation]
 33616 | Lair:3   | Lost mutation: You occasionally lose the ability to drink
                  | potions when taking damage. [potion of mutation]
 33616 | Lair:3   | Lost mutation: You possess an exceptional clarity of mind.
                  | [potion of mutation]
 33616 | Lair:3   | Lost mutation: Armour fits poorly on your strangely shaped
                  | body. [potion of mutation]
 33616 | Lair:3   | Gained mutation: You are agile. (Dex +4, Str/Int -1)
                  | [potion of mutation]
 33616 | Lair:3   | Gained mutation: You have hidden genetic potential. [potion
                  | of mutation]
 33791 | Elf:1    | Entered Level 1 of the Elven Halls
 33811 | Elf:1    | Reached skill level 10 in Evocations
 33886 | Elf:1    | Found Ositey's Antique Weapon Emporium.
 34157 | Elf:1    | Received a gift from Okawaru
 34402 | Elf:1    | Received a gift from Okawaru
 34421 | Elf:1    | Reached skill level 10 in Throwing
 34701 | Elf:1    | Noticed a Tzitzimitl
 34707 | Elf:1    | Received a gift from Okawaru
 35578 | Elf:2    | Reached XP level 18. HP: 144/144 MP: 26/26
 35626 | Elf:2    | Found a runed translucent gate.
 35626 | Elf:2    | Found a runed translucent gate.
 35627 | Elf:2    | Found a runed translucent gate.
 35719 | Elf:2    | Paralysed by an air elemental for 1 turns
 35933 | Elf:2    | Received a gift from Okawaru
 36874 | Elf:3    | Entered Level 3 of the Elven Halls
 36898 | Elf:3    | Found Yruripp's Antique Armour Shop.
 36961 | Elf:2    | Found Aqagrutare's CLEARANCE SALE!.
 36963 | Elf:2    | Identified the +6 scale mail of Alish {rC+ rCorr Str+3
                  | Int-5} (Okawaru gifted it to you on level 2 of the Elven
                  | Halls)
 36963 | Elf:2    | Received a gift from Okawaru
 36993 | Elf:2    | Bought a potion of heal wounds for 40 gold pieces
 36993 | Elf:2    | Bought a potion of curing for 24 gold pieces
 37100 | Elf:2    | Reached skill level 15 in Fighting
 37166 | Elf:2    | Gained mutation: You are strong-willed. (Will+) [hidden
                  | potential]
 37861 | Elf:3    | Bought a fading scale mail for 297 gold pieces
 37861 | Elf:3    | Identified the +1 scale mail of Hubris {Harm Regen+ Int+4}
                  | (You bought it in a shop on level 3 of the Elven Halls)
 38071 | Elf:3    | Reached skill level 15 in Armour
 38353 | Elf:3    | Identified the +2 ring mail of Monotheism {Contam +Blink
                  | rElec Will+}
 38407 | Elf:3    | Identified the +5 halberd of Symmetry {spect, Dex+4}
 38408 | Elf:3    | Received a gift from Okawaru
 38696 | Elf:3    | Identified the +0 plate armour of Okawaru's Generosity
                  | {Slay+5} (Okawaru gifted it to you on level 3 of the Elven
                  | Halls)
 38696 | Elf:3    | Received a gift from Okawaru
 38756 | Elf:3    | Gained mutation: You are robust. (+10% HP) [demonic
                  | ancestry]
 38756 | Elf:3    | Reached XP level 19. HP: 52/170 MP: 27/27
 39053 | Elf:3    | Identified the +4 short sword of Uruop {venom, rC+ rN+}
 39067 | Abyss:2  | Cast into level 2 of the Abyss (a deep elf sorcerer)
 39329 | Abyss:2  | Gained mutation: You are weak. (Str -2) [a neqoxec]
 39517 | Elf:3    | Escaped the Abyss
 39833 | Elf:3    | Identified the +11 double sword of Tartarus {flame, Drain
                  | rElec Str+7}
 40408 | Elf:3    | Found the +7 hand cannon "Mule" {flame, backblast, rF+}
 40413 | Elf:3    | Identified the staff "Lafut" {*Slow Will+ Int+6 Earth}
 40414 | Elf:3    | Identified the +0 robe of Defence {Str+4}
 40794 | Shoals:1 | Entered Level 1 of the Shoals
 40794 | Shoals:1 | Noticed Jorgrun
 40805 | Shoals:1 | Killed Jorgrun
 40818 | Shoals:1 | Gained mutation: You have sharp toenails. [hidden
                  | potential]
 40818 | Shoals:1 | Lost mutation: You have hidden genetic potential. [hidden
                  | potential expressed]
 41110 | Shoals:1 | Received a gift from Okawaru
 41676 | Shoals:2 | Reached skill level 1 in Ranged Weapons
 42470 | Shoals:2 | Found Cehux's Antique Weapon Shop.
 42491 | Shoals:2 | Found Tuasuzxa's Gadget Gallery.
 42499 | Shoals:2 | Bought a phial of floods for 600 gold pieces
 42689 | Arena    | Entered the Arena
 43033 | Shoals:3 | Noticed Bai Suzhen
 43228 | Shoals:2 | Killed Bai Suzhen
 43330 | Shoals:3 | Reached skill level 5 in Ranged Weapons
 43815 | Shoals:3 | Noticed Ilsuiw
 43831 | Shoals:3 | Killed Ilsuiw
 44003 | Shoals:3 | Reached skill level 15 in Long Blades
 44371 | Shoals:3 | Received a gift from Okawaru
 44802 | Shoals:4 | Entered Level 4 of the Shoals
 45328 | Shoals:4 | Reached XP level 20. HP: 134/178 MP: 28/28
 45431 | Shoals:4 | Reached skill level 16 in Long Blades
 45701 | Shoals:4 | Received a gift from Okawaru
 45946 | Shoals:4 | Identified the staff of the Ass {rPois rF+++ rC- rCorr
                  | Int-5 Poison}
 46014 | Shoals:4 | Reached skill level 17 in Long Blades
 46024 | Shoals:4 | Got a barnacled rune of Zot
 46344 | Vaults:1 | Entered Level 1 of the Vaults
 46364 | Vaults:1 | Received a gift from Okawaru
 46879 | Vaults:1 | Found the +11 plutonium sword {Contam Stlth-}
 46889 | Vaults:1 | Identified the +1 orcbow "Bocoan" {flame, rF+ Will+ Int+2
                  | SInv}
 46927 | Vaults:1 | Reached skill level 18 in Long Blades
 47161 | Vaults:1 | Found Duqueciz's Weapon Boutique.
 47309 | Vaults:1 | Found Motazxaucs's Distillery.
 47317 | Vaults:1 | Bought a potion of might for 56 gold pieces
 47317 | Vaults:1 | Bought a potion of heal wounds for 70 gold pieces
 47317 | Vaults:1 | Bought a potion of haste for 140 gold pieces
 47317 | Vaults:1 | Bought a potion of berserk rage for 70 gold pieces
 47432 | Vaults:1 | Received a gift from Okawaru
 47944 | Vaults:2 | Found Cab Elekk's Antique Armour Shoppe.
 47987 | Vaults:2 | Received a gift from Okawaru
 48257 | Vaults:2 | Reached skill level 19 in Long Blades
 48564 | Vaults:2 | Reached XP level 21. HP: 127/184 MP: 29/29
 48911 | Vaults:2 | Identified the orb "Enobomuh" {mayhem, Rampage}
 48992 | Vaults:2 | Found a staircase to the Crypt.
 49169 | Vaults:2 | Reached skill level 10 in Transmutations
 49857 | Vaults:2 | Received a gift from Okawaru
 50753 | Vaults:3 | Received a gift from Okawaru
 51173 | Vaults:3 | Received a gift from Okawaru
 51459 | Vaults:3 | You fall into a shaft and drop 1 floor!
 51548 | Vaults:4 | Received a gift from Okawaru
 51732 | Vaults:4 | Received a gift from Okawaru
 51751 | Vaults:4 | Received a gift from Okawaru
 52025 | Vaults:4 | Received a gift from Okawaru
 52244 | Vaults:4 | Received a gift from Okawaru
 52260 | Vaults:4 | Gained mutation: You are very robust. (+20% HP) [demonic
                  | ancestry]
 52260 | Vaults:4 | Reached XP level 22. HP: 84/205 MP: 30/30
 52498 | Vaults:4 | Found the +5 glaive of the Guard {elec, spectral, AC+5}
 53445 | Vaults:5 | Entered Level 5 of the Vaults
 53801 | Vaults:5 | Noticed a dread lich
 54151 | Vaults:4 | Killed a dread lich
 54174 | Vaults:4 | Reached skill level 15 in Throwing
 54736 | Vaults:5 | Noticed a golden dragon
 55118 | Vaults:5 | Killed a golden dragon
 55118 | Vaults:5 | Received a gift from Okawaru
 55185 | Vaults:5 | Noticed a dread lich
 55196 | Vaults:5 | Killed a dread lich
 55334 | Vaults:5 | Received a gift from Okawaru
 55551 | Vaults:5 | Received a gift from Okawaru
 55557 | Vaults:5 | Noticed a dread lich
 55563 | Vaults:5 | Killed a dread lich
 55565 | Vaults:5 | Noticed a dread lich
 55578 | Vaults:5 | Killed a dread lich
 55578 | Vaults:5 | Received a gift from Okawaru
 55596 | Vaults:5 | Noticed an ancient lich
 55596 | Vaults:5 | Identified the amulet of Buschaf {rPois rC+ Regen+ Str+3}
 55597 | Vaults:5 | Identified the +8 hand axe "Ciurghiw" {drain, Str+3}
 55632 | Vaults:5 | Received a gift from Okawaru
 55687 | Vaults:5 | Reached XP level 23. HP: 35/215 MP: 26/31
 56225 | Vaults:5 | Identified the staff "Umios" {Fly rPois Stlth+ Poison}
 56570 | Vaults:5 | Noticed Sojobo
 56591 | Vaults:5 | Killed Sojobo
 56708 | Vaults:5 | Reached skill level 15 in Evocations
 56768 | Vaults:5 | Identified the +5 scimitar of Lies {holy, rElec Will+ Dex-4
                  | SInv}
 56856 | Vaults:5 | Killed an ancient lich
 56857 | Vaults:5 | Reached skill level 10 in Invocations
 57546 | Vaults:5 | Got a silver rune of Zot
 57689 | Vaults:5 | Found Letukuxa's Magic Scroll Shop.
 58018 | Vaults:5 | Identified the +3 quarterstaff of Rotid {flame, rC+}
 58023 | Vaults:5 | Found the +2 hat of the Bear Spirit {Spirit, Bear, *Rage
                  | Will++}
 58033 | Vaults:5 | Got the Disquisition on the Hyperbolic Figure
 58053 | Vaults:5 | Got the Dissertation on Amassed Alteration
 58545 | Elf:3    | Bought a shiny crystal plate armour for 2739 gold pieces
 59003 | Slime:1  | Entered Level 1 of the Pits of Slime
 59037 | Slime:1  | Received a gift from Okawaru
 59530 | Slime:2  | Received a gift from Okawaru
 59867 | Slime:2  | Reached skill level 10 in Shields
 60036 | Slime:2  | Noticed Dissolution
 60046 | Slime:2  | Killed Dissolution
 60095 | Slime:3  | Gained mutation: You are occasionally teleported next to
                  | monsters. [a shining eye]
 60187 | Slime:3  | Gained mutation: You occasionally lose the ability to drink
                  | potions when taking damage. [a shining eye]
 60192 | Slime:3  | Received a gift from Okawaru
 62461 | Slime:5  | Entered Level 5 of the Pits of Slime
 63149 | Slime:5  | Gained mutation: Your body sometimes deteriorates upon
                  | taking damage. [a shining eye]
 63317 | Slime:5  | Found a viscous altar of Jiyva.
 63317 | Slime:5  | Noticed the Royal Jelly
 63444 | Slime:5  | Killed the Royal Jelly
 63445 | Slime:5  | Gained mutation: You are powered by pain. [demonic
                  | ancestry]
 63445 | Slime:5  | Reached XP level 24. HP: 95/225 MP: 8/33
 63642 | Slime:5  | Gained mutation: Armour fits poorly on your strangely
                  | shaped body. [a shining eye]
 64006 | Slime:5  | Identified the +5 war axe of Circular Logic {spect, rF-
                  | Dex+4}
 64017 | Slime:5  | Identified the +7 short sword "Aduomeeca" {heavy, rC+ rN+
                  | rCorr Int-3}
 64027 | Slime:5  | Identified the +2 robe of Hemel {Regen+ Str+3 Int+5
                  | Archmagi}
 64032 | Slime:5  | Got a slimy rune of Zot
 64200 | Slime:5  | Identified the +1 helmet "Giuxzije" {rC+ rN++}
 64233 | Slime:5  | Identified the +4 falchion of Amortisation {holy, Dex+7}
 64234 | Slime:5  | Identified the staff "Itaez" {rElec rPois Stlth+ Earth
                  | Poison}
 65041 | Shoals:4 | Lost mutation: You occasionally lose the ability to drink
                  | potions when taking damage. [potion of mutation]
 65041 | Shoals:4 | Lost mutation: You are occasionally teleported next to
                  | monsters. [potion of mutation]
 65041 | Shoals:4 | Gained mutation: You have very sharp teeth. [potion of
                  | mutation]
 65041 | Shoals:4 | Gained mutation: You occasionally shout uncontrollably at
                  | your foes. [potion of mutation]
 65041 | Shoals:4 | Gained mutation: You have razor-sharp toenails. [potion of
                  | mutation]
 65041 | Shoals:4 | Gained mutation: You are very agile. (Dex +8, Str/Int -2)
                  | [potion of mutation]
 65042 | Shoals:4 | Lost mutation: Your body sometimes deteriorates upon taking
                  | damage. [potion of mutation]
 65042 | Shoals:4 | Lost mutation: You are weak. (Str -2) [potion of mutation]
 65042 | Shoals:4 | Lost mutation: You are strong-willed. (Will+) [potion of
                  | mutation]
 65042 | Shoals:4 | Gained mutation: You are extremely robust. (+30% HP)
                  | [potion of mutation]
 65376 | D:5      | Bought a potion of curing for 45 gold pieces
 65376 | D:5      | Bought a potion of haste for 150 gold pieces
 65376 | D:5      | Bought a potion of cancellation for 120 gold pieces
 65376 | D:5      | Bought a potion of berserk rage for 75 gold pieces
 65376 | D:5      | Bought a potion of cancellation for 120 gold pieces
 65938 | Vaults:3 | Identified the +12 plate armour of Yfaem {rC+++ Str-2 Int-2
                  | Stlth+} (Okawaru gifted it to you on level 3 of the Vaults)
 65938 | Vaults:3 | Received a gift from Okawaru
 66749 | Depths:1 | Entered Level 1 of the Depths
 66902 | Depths:1 | Found a shimmering altar of Xom.
 66905 | Depths:1 | Found a shimmering altar of Xom.
 67361 | Depths:1 | Found a shimmering altar of Xom.
 67405 | Depths:1 | Found a gateway to Hell.
 67989 | Depths:1 | Found a one-way gateway to a ziggurat.
 68114 | Depths:2 | Reached skill level 1 in Ice Magic
 68314 | Depths:2 | Noticed Grunn
 68316 | Depths:2 | Reached skill level 5 in Ice Magic
 68818 | Depths:2 | Found a one-way gate leading to the halls of Pandemonium.
 68819 | Depths:2 | Gained mutation: Your body sometimes deteriorates upon
                  | taking damage. [a neqoxec]
 69037 | Depths:2 | Reached skill level 10 in Ice Magic
 69056 | Depths:2 | Killed Grunn
 69056 | Depths:2 | Received a gift from Okawaru
 69660 | Depths:2 | Found Qusowoys's Armour Shop.
 69787 | Depths:2 | Learned a level 3 spell: Frozen Ramparts
 69791 | Depths:2 | Learned a level 3 spell: Ozocubu's Armour
 70140 | Depths:2 | Received a gift from Okawaru
 70195 | Depths:2 | Found Tiosor's Antique Armour Emporium.
 70529 | Depths:3 | Found a one-way gate to the infinite horrors of the Abyss.
 70565 | Depths:3 | Noticed a juggernaut
 70574 | Depths:3 | Noticed an ancient lich
 70575 | Depths:3 | Killed a juggernaut
 70575 | Depths:3 | Identified the +0 animal skin of Wuwal {Dex+3} (Okawaru
                  | gifted it to you on level 3 of the Depths)
 70575 | Depths:3 | Received a gift from Okawaru
 70591 | Depths:3 | Killed an ancient lich
 70592 | Depths:3 | Reached XP level 25. HP: 72/245 MP: 31/36
 70595 | Depths:3 | Reached skill level 20 in Long Blades
 70612 | Depths:3 | HP: 3/252 [living spell/divine providence[a walking divine
                  | tome] (13)]
 70618 | Depths:3 | Noticed a juggernaut
 70636 | Depths:3 | Slain by a golden dragon

Illustrated notes

Levels and vault maps discovered:
D:1:      dpeg_arrival_stone_temple_mockup, layout_basic, serial_forest,
          infiniplex_forest_end_1, infiniplex_forest_straight_3,
          infiniplex_forest_straight_2, infiniplex_forest_lined_room_3,
          infiniplex_forest_straight_4, infiniplex_forest_split
D:2:      layout_loops_cross, basic_altar, minmay_misc_feat_doors
D:3:      layout_loops_cross, shapermc_ecumenical_altar_mp_ritualfount
D:4:      layout_layer_cave, serial_shops, shop, roderic_batcave
D:5:      layout_basic, xom_butterflies, gup_sewer_entry_bubbles, serial_shops,
          shop
D:6:      layout_cave_pods, corexii_item_surrounded_by_moat,
          minmay_fractal_squares_5
D:7:      layout_loops_ring, lemuel_crystal_altar, elyvilon_altar_1,
          minmay_temple_entry_hall, minmay_crystal_room, the_hattery
D:8:      layout_basic, enter_bailey_3
D:9:      layout_gridville, serial_shops, kennysheep_mini
D:10:     layout_basic, amcnicky_altar_gilded, mainiacjoe_overflow_divided_tiny,
          serial_shops, nicolae_shop_window_shopping
D:11:     layout_irregular_city, lair_entry_dummy, orc_0_dummy,
          nicolae_gozag_zags_fifth_avenue
D:12:     layout_loops_ring, minmay_misc_feat_tower, uniq_gastronok
D:13:     layout_basic, grunt_vaults_entry_fortified,
          nicolae_trove_entry_isolated, nemelex_diamond_rough_becter
D:14:     minmay_isolated_rectangles_in_corner, layout_cross,
          roderic_lattice_octagonal_star
D:15:     grunt_enter_depths_magical_seal, layout_cave_pods
Temple:   lightli_temple_of_artemis
Lair:1:   layout_loops_ring, special_room [special_room_bee],
          gammafunk_ghost_hive, portal_ice_cave_entry_ice_simulacra,
          chequers_serial_rivers_small_3
Lair:2:   layout_loops_ring, elwin_shoals_entry_rooms, uniq_maggie
Lair:3:   layout_regular_city, nicolae_snake_entry_squirm, serial_bayou,
          serial_bayou_lagoon_b, serial_bayou_pond_e, serial_bayou_crossing,
          serial_bayou_pond_c
Lair:4:   dpeg_oklob_gauntlet, layout_gridlike, enter_volcano_4,
          nicolae_lair_lil_pond, gammafunk_lair_bear_cave
Lair:5:   evilmike_catoblepas_cave, layout_gridlike, dpeg_slime_entry_corner
Shoals:1: layout_shoals, abandoned_shop, uniq_jorgrun
Shoals:2: layout_shoals, serial_shops, shop, nicolae_shop_gadgets
Shoals:3: layout_shoals, uniq_bai_suzhen, uniq_ilsuiw
Shoals:4: shoals_end_hellmonk_lost_city
Snake:1:  nicolae_snakescales, layout_basic
Snake:2:  layout_grid_shapes, uniq_vashnia
Snake:3:  layout_layer_cave, minmay_shop_mayhem, grunt_megastairs_2
Snake:4:  grunt_snake_rune_serpentine_throne, layout_misc_corridors, basic_altar
Slime:1:  layout_caves
Slime:2:  layout_caves, uniq_dissolution
Slime:3:  layout_caves
Slime:4:  layout_caves
Slime:5:  slime_pit_nicolae_block_by_block
Orc:1:    layout_diamond_mine, nicolae_orc_rockfall, nicolae_orc_damp_corner
Orc:2:    grunt_orc_community_town_hall, layout_caves,
          grunt_orc_community_big_house_1, grunt_orc_community_big_house_1,
          grunt_orc_community_house_1, grunt_orc_community_house_1,
          grunt_orc_community_house_3, grunt_orc_community_house_1
Elf:1:    nicolae_elf_arrival_no_cutting_in_line, layout_rooms, serial_shops,
          nicolae_shop_advertising_works [nicolae_subvault_shop_adworks],
          hangedman_elven_crosses_minicolossus, onia_ninara_cookie
Elf:2:    elven_hall_of_blades_hangedman_original
          [infiniplex_blade_entry_pillars], layout_geoelf_diagonals,
          ebering_dispersal_statue_hall, nicolae_shop_clearance
Elf:3:    nooodl_elf_gasket, layout_loops_corners, serial_shops,
          nicolae_shop_trees
Vaults:1: nicolae_vaults_circle_grid_a, nicolae_vaults_storage_closets_2,
          nicolae_vaults_weapon_check, nicolae_vaults_little_squares_6,
          vaults_dpeg_ring, ontoclasm_vaults_chip,
          nicolae_vaults_oval_intersection, nicolae_vaults_wine_cellar,
          nicolae_vaults_taking_the_gang_shopping, ontoclasm_vaults_idyll,
          dpeg_vaults_hating_casters, v_misc_22, ontoclasm_vaults_eye,
          nicolae_vaults_tetromino_T_2, layout_vaults_ring, serial_shops,
          nicolae_square_shop
Vaults:2: vaults_room_grunt_arrival_ludios, grunt_vaults_twisty,
          nicolae_vaults_corpse_flower, minmay_crypt_entry_vampire_xt,
          nicolae_vaults_arrows, vaults_mumra_minichess, nicolae_vaults_cochlea,
          nicolae_vaults_what_the_h, hangedman_vaults_stitches,
          nicolae_vaults_double_plus_3, nicolae_vaults_little_squares_2,
          layout_vaults_maze, serial_shops, nicolae_shop_just_a_little_nook
Vaults:3: nicolae_vaults_tetromino_Z_1, nicolae_vaults_angled_halls,
          hangedman_vaults_slice, nicolae_vaults_mush_room,
          nicolae_vaults_little_ls, nicolae_vaults_cochlea,
          nicolae_vaults_little_squares_6, nicolae_vaults_closet_pinwheel_3,
          nicolae_vaults_twisting_passages, v_misc_8, v_misc_16,
          hangedman_vaults_cutoff, layout_vaults_omnicross
Vaults:4: vaults_room_door_hall, vaults_room_door_hall, v_misc_3,
          nicolae_vaults_heart-shaped_vault, minmay_guarded_unrand_guard_vaults,
          vaults_dpeg_diagonal, ontoclasm_vaults_spin, vaults_standard_mumra_x,
          nicolae_vaults_little_squares_5, layout_vaults_quadrants
Vaults:5: uniq_sojobo
Depths:1: layout_gridlike, enter_ziggurat_f, nicolae_triple_integral,
          grunt_mini_vestibule, serial_bayou_pond_d, xom_redecorated
Depths:2: minmay_concentric_multi, layout_gridlike, serial_shops,
          nicolae_shop_mannequins, nicolae_lakefront_shop, hell_entry,
          rand_demon_pan_entry_3, serial_curves, eino_curves_04, eino_curves_02,
          zin_angel, uniq_grunn
Depths:3: nicolae_fronds_of_death, layout_gridlike, rand_demon_pan_entry_1,
          hell_entry, abyss_entry_small_statue_room, serial_shops,
          bzr_entry_gold, uniq_xtahua

Skill      XL: |  1  2  3  4  5  6  7  8  9 10 11 12 13 14 15 16 17 18 19 20 21 22 23 24 25 |
---------------+----------------------------------------------------------------------------+-----
Fighting       | 3 4 8 12 13 15 | 15.0
Short Blades   | 3 4 |  4.1
Throwing       | 2 4 5 8 10 12 15 | 15.0
Armour         | 2 5 8 10 14 16 18 | 18.2
Evocations     | 2 5 10 13 15 | 15.0
Invocations    | 8 9 14 | 14.0
Long Blades    | 8 10 14 15 19 20 | 20.4
Shields        | 5 9 13 14 | 14.0
Spellcasting   | 5 9 |  9.5
Transmutations | 5 9 13 | 13.0
Ranged Weapons | 6 |  6.0
Ice Magic      | 12 | 12.5
Dodging        | |  2.6

Action                     |  1- 3 |  4- 6 |  7- 9 | 10-12 | 13-15 | 16-18 | 19-21 | 22-24 | 25-27 || total
---------------------------+-------+-------+-------+-------+-------+-------+-------+-------+-------++-------
  Melee: Rapier            |   143 |    77 |       |       |       |       |       |       |       ||   220
         Headbutt          |     7 |    25 |    33 |   124 |   297 |   340 |   477 |   564 |     9 ||  1876
         Scimitar          |       |    13 |   236 |   460 |   754 |  1124 |   416 |       |       ||  3003
         Long sword        |       |       |       |    12 |   402 |       |       |       |       ||   414
         Falchion          |       |       |       |       |       |   176 |       |       |       ||   176
         Double sword      |       |       |       |       |       |       |  1209 |  1602 |    33 ||  2844
         Bite              |       |       |       |       |       |       |       |   120 |     7 ||   127
   Fire: Hand cannon       |       |       |       |       |       |       |    57 |       |       ||    57
  Throw: Throwing net      |     2 |     1 |       |       |       |       |       |       |       ||     3
         Javelin           |       |     3 |       |     4 |       |     5 |     1 |       |       ||    13
         Dart              |       |       |     2 |     2 |       |       |       |       |       ||     4
         Boomerang         |       |       |       |       |    16 |    16 |    37 |    50 |       ||   119
   Cast: Wereblood         |       |       |       |       |    22 |       |    17 |    31 |       ||    70
         Frozen Ramparts   |       |       |       |       |       |       |       |     2 |       ||     2
 Invoke: Heroism           |       |       |       |     4 |     8 |    16 |    15 |    20 |       ||    63
         Finesse           |       |       |       |       |     2 |     3 |     3 |     6 |       ||    14
         Duel              |       |       |       |       |       |       |     1 |       |       ||     1
  Evoke: Wand              |       |     1 |       |     1 |     6 |     3 |     4 |     6 |     2 ||    23
         Tin of tremorston |       |       |       |       |     2 |     3 |     4 |     4 |     2 ||    15
         Phial of floods   |       |       |       |       |       |       |       |       |     1 ||     1
    Use: Scroll            |     2 |    10 |     6 |     6 |     9 |     6 |    10 |    10 |     1 ||    60
         Potion            |       |     1 |     2 |     3 |     6 |     9 |     5 |     7 |     6 ||    39
   Stab: Held in net/web   |     1 |       |       |       |       |       |       |       |       ||     1
         Sleeping          |     3 |       |       |       |     2 |       |       |       |       ||     5
         Invisible         |       |       |       |       |     3 |     1 |       |       |     3 ||     7
         Distracted        |       |       |       |       |     2 |       |       |       |       ||     2
 Armour: Leather armour    |    63 |    24 |       |       |       |       |       |       |       ||    87
         Ring mail         |       |    22 |   166 |   418 |   403 |     1 |       |       |       ||  1010
         Chain mail        |       |       |       |       |   209 |       |       |       |       ||   209
         Crystal plate arm |       |       |       |       |   206 |   616 |  1380 |  1263 |    22 ||  3487
  Dodge: Dodged            |    84 |    52 |   165 |   277 |   313 |    49 |   231 |   303 |     5 ||  1479
  Block: Buckler           |    13 |    20 |    56 |   107 |       |       |       |       |       ||   196
         Kite shield       |       |       |       |    68 |   550 |       |   449 |  1783 |    24 ||  2874
         Reflection        |       |       |       |     6 |    67 |   268 |   233 |    77 |       ||   651
         Tower shield      |       |       |       |       |  1126 |  1617 |  1792 |       |       ||  4535

Table legend: (Time is in decaauts)
 A = Elapsed time spent in this place.
 B = Non-inter-level travel time spent in this place.
 C = Inter-level travel time spent in this place.
 D = Time resting spent in this place.
 E = Time spent auto-exploring this place.
 F = Levels seen in this place.
 G = Mean time per level.
                   A        B        C        D        E       F      G
               +--------+--------+--------+--------+--------+-----+--------+
         Total |  71302 |  65759 |   5543 |  19453 |  33696 |  53 | 1345.3 |
       Dungeon |  17896 |  16485 |   1411 |   3663 |  10097 |  15 | 1193.1 |
        Temple |     16 |      1 |     15 |      0 |      0 |   1 |   16.0 |
          Lair |   8148 |   6756 |   1392 |   1530 |   3826 |   5 | 1629.6 |
        Shoals |   5938 |   5557 |    381 |   1880 |   2519 |   4 | 1484.5 |
     Snake Pit |   7279 |   6791 |    488 |   2311 |   3080 |   4 | 1819.8 |
    Slime Pits |   5674 |   5521 |    153 |   2611 |   2154 |   5 | 1134.8 |
  Orcish Mines |   1842 |   1426 |    416 |    268 |    758 |   2 |  921.0 |
   Elven Halls |   5845 |   5298 |    547 |   1962 |   2185 |   3 | 1948.3 |
        Vaults |  12658 |  12010 |    648 |   3861 |   6012 |   5 | 2531.6 |
        Depths |   3761 |   3673 |     88 |    988 |   2016 |   3 | 1253.7 |
         Abyss |    451 |    451 |      0 |     28 |     89 |   2 |  225.5 |
         Sewer |    772 |    772 |      0 |      0 |    574 |   1 |  772.0 |
      Ice Cave |    431 |    431 |      0 |    335 |      5 |   1 |  431.0 |
       Volcano |    560 |    560 |      0 |      0 |    378 |   1 |  560.0 |
         Arena |     25 |     25 |      0 |     16 |      0 |   1 |   25.0 |
               +--------+--------+--------+--------+--------+-----+--------+

Top non-repeatable levels by time:
Vaults:4: 3504 daAuts
Vaults:5: 3097 daAuts
Vaults:2: 2774 daAuts
 Snake:4: 2504 daAuts
  Lair:3: 2362 daAuts
   Elf:3: 2272 daAuts
 Slime:5: 2254 daAuts
Shoals:3: 2034 daAuts
 Snake:1: 1875 daAuts
Depths:2: 1815 daAuts
Depths:1: 1812 daAuts
   Elf:2: 1810 daAuts
Shoals:2: 1806 daAuts
    D:15: 1788 daAuts
 Snake:3: 1774 daAuts
